NCAA
UTAH UTES @ ARIZONA STATE SUN DEVILS
05/10/2026
 
TOP OF THE 1ST
Utah Utes batting - Pitching for Arizona State Sun Devils : RHP Juan Sánchez
Pitching: RHP Juan Sánchez
Batting: RHB Bill Bourland 0-0: Called Strike
0-1: Called Strike
0-2: Ground out 5-3 (Groundball, 5L)
Batting: RHB Bennie McGrath 0-0: Fly out, F9 (Flyball, 9M)
Batting: RHB Brandon Owen 0-0: Ball
1-0: Called Strike
1-1: Ground out 6-3 (Groundball, 6M)
Top of the 1st over - 0 run(s), 0 hit(s), 0 error(s), 0 left on base; Utah 0 - Arizona State 0
BOTTOM OF THE 1ST
Arizona State Sun Devils batting - Pitching for Utah Utes : RHP Alexis MacLamond
Pitching: RHP Alexis MacLamond
Batting: RHB Matt Tucker 0-0: Ball
1-0: SINGLE (Groundball, 6MD)
Batting: RHB Joaquín Valenzuela 0-0: Ball
1-0: Ball
Matt Tucker steals 2nd base
2-0: Fly out, F6 (Popup, 6D)
Batting: RHB Cory Hester 0-0: SINGLE (Line Drive, 4D)
Matt Tucker to third
Runner from 3rd tries for Home, SAFE, no throw or cutoff
Batting: RHB Edmund Swanson 0-0: Called Strike
0-1: Ball
1-1: SINGLE (Line Drive, 3D)
Cory Hester to second
Runner from 2nd tries for 3rd, SAFE, throw made to third
Batting: LHB Millard Adams 0-0: Called Strike
0-1: Ball
1-1: Ball
2-1: Called Strike
2-2: DOUBLE (Flyball, 8LXD)
Cory Hester scores
Edmund Swanson to third
Batting: RHB Roger Rush 0-0: Ball
1-0: Foul Ball, location: 2F
1-1: Ball
2-1: Ball
3-1: Foul Ball, location: 2F
3-2: Foul Ball, location: 2F
3-2: Base on Balls
Batting: RHB Carlos García 0-0: Called Strike
0-1: Ball
1-1: Swinging Strike
1-2: Strikes out swinging
Batting: SHB Leonardo González 0-0: Called Strike
0-1: Swinging Strike
0-2: Foul Ball, location: 2F
0-2: Foul Ball, location: 2F
0-2: Ball
1-2: Ball
2-2: Strikes out looking
Bottom of the 1st over - 2 run(s), 4 hit(s), 0 error(s), 3 left on base; Utah 0 - Arizona State 2
TOP OF THE 2ND
Utah Utes batting - Pitching for Arizona State Sun Devils : RHP Juan Sánchez
Batting: SHB Ramón Velázquez 0-0: Called Strike
0-1: Foul Ball, location: 2F
0-2: Ball
1-2: Ball
2-2: Ball
3-2: Foul Ball, location: 2F
3-2: Strikes out swinging
Batting: RHB Larry Storms 0-0: Called Strike
0-1: Foul Ball, location: 2F
0-2: Ball
1-2: Strikes out swinging
Batting: SHB Glenn Hinton 0-0: Ball
1-0: Foul Ball, location: 2F
1-1: Swinging Strike
1-2: Strikes out swinging
Top of the 2nd over - 0 run(s), 0 hit(s), 0 error(s), 0 left on base; Utah 0 - Arizona State 2
BOTTOM OF THE 2ND
Arizona State Sun Devils batting - Pitching for Utah Utes : RHP Alexis MacLamond
Batting: RHB Vernon Harris 0-0: Foul Ball, location: 2F
0-1: Ball
1-1: Ground out 1-3 (Groundball, 23)
Batting: RHB Matt Tucker 0-0: Reached on error, E5 (Groundball, 5S)
Batting: RHB Joaquín Valenzuela 0-0: Ball
1-0: Called Strike
1-1: SINGLE (Groundball, 34)
Matt Tucker to second
Throwing error, E9
Matt Tucker scores
Joaquín Valenzuela to second
Batting: RHB Cory Hester 0-0: Fly out, F2 (Popup, 2RF)
Batting: RHB Edmund Swanson 0-0: Ball
1-0: Foul Ball, location: 2F
1-1: Called Strike
1-2: Ball
2-2: Ball
3-2: Foul Ball, location: 2F
3-2: Base on Balls
Batting: LHB Millard Adams 0-0: Ground out 3-1 (Groundball, 34)
Bottom of the 2nd over - 1 run(s), 1 hit(s), 2 error(s), 2 left on base; Utah 0 - Arizona State 3
TOP OF THE 3RD
Utah Utes batting - Pitching for Arizona State Sun Devils : RHP Juan Sánchez
Batting: SHB Brandon Manning 0-0: Called Strike
0-1: Ball
1-1: Ball
2-1: Ball
3-1: Base on Balls
Batting: RHB Patrick Chute 0-0: Ball
1-0: SINGLE (Line Drive, 56)
Brandon Manning to second
Batting: RHB David Banks 0-0: Foul Ball, location: 2F
0-1: Called Strike
0-2: Ball
1-2: Strikes out swinging
Batting: RHB Bill Bourland 0-0: Foul Ball, location: 2F
0-1: SINGLE (Groundball, 56D)
Brandon Manning to third
Patrick Chute to second
Runner from 3rd tries for Home, SAFE, throw made home
Patrick Chute to third
Bill Bourland to second
Batting: RHB Bennie McGrath 0-0: Called Strike
0-1: Ball
1-1: Foul Ball, location: 2F
1-2: Ball
2-2: Fly out, F7 (Flyball, 7M)
Runner from 3rd tags up, SCORES, no throw
Batting: RHB Brandon Owen 0-0: Ball
1-0: Called Strike
1-1: Foul Ball, location: 2F
1-2: Strikes out swinging
Top of the 3rd over - 2 run(s), 2 hit(s), 0 error(s), 1 left on base; Utah 2 - Arizona State 3
BOTTOM OF THE 3RD
Arizona State Sun Devils batting - Pitching for Utah Utes : RHP Alexis MacLamond
Batting: RHB Roger Rush 0-0: Ball
1-0: Foul Ball, location: 2F
1-1: Ball
2-1: Ball
3-1: Base on Balls
Batting: RHB Carlos García 0-0: Ball
1-0: Ball
2-0: Ball
3-0: Called Strike
3-1: Base on Balls
Roger Rush to second
Batting: SHB Leonardo González 0-0: Ball
1-0: SINGLE (Line Drive, 4D)
Roger Rush to third
Carlos García to second
Runner from 3rd tries for Home, SAFE, no throw or cutoff
Batting: RHB Vernon Harris 0-0: Foul Ball, location: 2F
0-1: Ball
1-1: Grounds into double play, 5-4-3 (Groundball, 5)
Carlos García to third
Batting: RHB Matt Tucker 0-0: Ball
1-0: SINGLE (Line Drive, 6MD)
Carlos García scores
Batting: RHB Joaquín Valenzuela 0-0: Ball
1-0: Called Strike
1-1: Ball
2-1: Ball
3-1: Foul Ball, location: 2F
3-2: Ground out 5-3 (Groundball, 56)
Bottom of the 3rd over - 2 run(s), 2 hit(s), 0 error(s), 1 left on base; Utah 2 - Arizona State 5
TOP OF THE 4TH
Utah Utes batting - Pitching for Arizona State Sun Devils : RHP Juan Sánchez
Batting: SHB Ramón Velázquez 0-0: Called Strike
0-1: SOLO HOME RUN (Flyball, 9D), Distance : 357 ft
Batting: RHB Larry Storms 0-0: Foul Ball, location: 2F
0-1: Called Strike
0-2: Ball
1-2: Fly out, F5 (Popup, 25)
Batting: SHB Glenn Hinton 0-0: Called Strike
0-1: Swinging Strike
0-2: Foul Ball, location: 2F
0-2: Fly out, F6 (Popup, 6S)
Batting: SHB Brandon Manning 0-0: Ground out 4-3 (Groundball, 4M)
Top of the 4th over - 1 run(s), 1 hit(s), 0 error(s), 0 left on base; Utah 3 - Arizona State 5
BOTTOM OF THE 4TH
Arizona State Sun Devils batting - Pitching for Utah Utes : RHP Alexis MacLamond
Batting: RHB Cory Hester 0-0: Called Strike
0-1: Fly out, F9 (Line Drive, 9M)
Batting: RHB Edmund Swanson 0-0: Called Strike
0-1: Ball
1-1: Swinging Strike
1-2: Foul Ball, location: 2F
1-2: Ball
2-2: Foul Ball, location: 2F
2-2: Foul Ball, location: 2F
2-2: Foul Ball, location: 2F
2-2: Foul Ball, location: 2F
2-2: Ground out 6-3 (Groundball, 6)
Batting: LHB Millard Adams 0-0: Ball
1-0: Foul Ball, location: 2F
1-1: Ball
2-1: Ball
3-1: Swinging Strike
3-2: Foul Ball, location: 2F
3-2: SINGLE (Line Drive, 3D)
Pitching: LHP José Sánchez
Batting: RHB Roger Rush 0-0: Called Strike
0-1: Foul Ball, location: 2F
0-2: Foul Ball, location: 2F
0-2: Ball
1-2: SINGLE (Groundball, 56D)
Millard Adams to second
Batting: RHB Carlos García 0-0: Called Strike
0-1: Ball
1-1: Ball
2-1: Foul Ball, location: 2F
2-2: Ball
3-2: Strikes out looking
Bottom of the 4th over - 0 run(s), 2 hit(s), 0 error(s), 2 left on base; Utah 3 - Arizona State 5
TOP OF THE 5TH
Utah Utes batting - Pitching for Arizona State Sun Devils : RHP Juan Sánchez
Batting: RHB Patrick Chute 0-0: Ball
1-0: Ground out 6-3 (Groundball, 6)
Batting: RHB David Banks 0-0: Swinging Strike
0-1: SOLO HOME RUN (Flyball, 7D), Distance : 363 ft
Batting: RHB Bill Bourland 0-0: Called Strike
0-1: Ball
1-1: DOUBLE (Flyball, 78M)
Batting: RHB Bennie McGrath 0-0: Fly out, F8 (Flyball, 8LM)
Batting: RHB Brandon Owen 0-0: Ground out 5-3 (Groundball, 56)
Top of the 5th over - 1 run(s), 2 hit(s), 0 error(s), 1 left on base; Utah 4 - Arizona State 5
BOTTOM OF THE 5TH
Arizona State Sun Devils batting - Pitching for Utah Utes : LHP José Sánchez
Batting: SHB Leonardo González 0-0: Ball
1-0: Called Strike
1-1: Foul Ball, location: 2F
1-2: Fly out, F4 (Popup, 4)
Batting: RHB Vernon Harris 0-0: Ball
1-0: DOUBLE (Line Drive, 7LS)
Batting: RHB Matt Tucker 0-0: Ball
1-0: Foul Ball, location: 2F
1-1: SINGLE (Flyball, 8LS)
Vernon Harris to third
Runner from 3rd tries for Home, SAFE, throw made home
Matt Tucker to second
Batting: RHB Joaquín Valenzuela 0-0: Called Strike
Matt Tucker steals 3rd base
0-1: Swinging Strike
0-2: Ball
1-2: Ball
2-2: Strikes out swinging
Batting: RHB Cory Hester 0-0: SINGLE (Groundball, 34) (infield hit)
Matt Tucker scores
Batting: RHB Edmund Swanson 0-0: Foul Ball, location: 2F
0-1: Called Strike
0-2: Foul Ball, location: 2F
0-2: Strikes out swinging
Bottom of the 5th over - 2 run(s), 3 hit(s), 0 error(s), 1 left on base; Utah 4 - Arizona State 7
TOP OF THE 6TH
Utah Utes batting - Pitching for Arizona State Sun Devils : RHP Juan Sánchez
Batting: SHB Ramón Velázquez 0-0: Foul Ball, location: 2F
0-1: Fly out, F7 (Flyball, 8LM)
Batting: RHB Larry Storms 0-0: Ball
1-0: Ball
2-0: Fly out, F4 (Popup, 3D)
Batting: SHB Glenn Hinton 0-0: Ball
1-0: Foul Ball, location: 2F
1-1: Ball
2-1: Foul Ball, location: 2F
2-2: Foul Ball, location: 2F
2-2: SINGLE (Line Drive, 4MD)
Batting: SHB Brandon Manning 0-0: Ground out 3-1 (Groundball, 34)
Top of the 6th over - 0 run(s), 1 hit(s), 0 error(s), 1 left on base; Utah 4 - Arizona State 7
BOTTOM OF THE 6TH
Arizona State Sun Devils batting - Pitching for Utah Utes : LHP José Sánchez
Batting: LHB Millard Adams 0-0: Swinging Strike
0-1: Swinging Strike
0-2: Strikes out looking
Batting: RHB Roger Rush 0-0: Swinging Strike
0-1: Ball
1-1: DOUBLE (Line Drive, 5D)
Batting: RHB Carlos García 0-0: Intentional Walk
Batting: SHB Leonardo González 0-0: Ball
1-0: SINGLE (Groundball, 6MD)
Roger Rush to third
Carlos García to second
Runner from 3rd tries for Home, SAFE, no throw or cutoff
Pitching: RHP Randy Lovell
Batting: RHB Vernon Harris 0-0: Ball
1-0: Foul Ball, location: 2F
1-1: Ball
2-1: Ball
3-1: Foul Ball, location: 2F
3-2: Strikes out swinging
Batting: RHB Matt Tucker 0-0: Foul Ball, location: 2F
0-1: Swinging Strike
0-2: Strikes out swinging
Bottom of the 6th over - 1 run(s), 2 hit(s), 0 error(s), 2 left on base; Utah 4 - Arizona State 8
TOP OF THE 7TH
Utah Utes batting - Pitching for Arizona State Sun Devils : RHP Juan Sánchez
Batting: RHB Patrick Chute 0-0: Ball
1-0: Foul Ball, location: 2F
1-1: Ball
2-1: Fly out, F9 (Flyball, 9M)
Pitching: RHP Ismael Mateo
Batting: RHB David Banks 0-0: Foul Ball, location: 2F
0-1: Ball
1-1: Ball
2-1: Foul Ball, location: 2F
2-2: Strikes out swinging
Batting: RHB Bill Bourland 0-0: SINGLE (Groundball, 6)
Batting: RHB Bennie McGrath 0-0: Called Strike
Bill Bourland steals 2nd base
0-1: Swinging Strike
0-2: Ball
1-2: Strikes out swinging
Top of the 7th over - 0 run(s), 1 hit(s), 0 error(s), 1 left on base; Utah 4 - Arizona State 8
BOTTOM OF THE 7TH
Arizona State Sun Devils batting - Pitching for Utah Utes : RHP Randy Lovell
Batting: RHB Joaquín Valenzuela 0-0: Called Strike
0-1: SINGLE (Groundball, 6MD)
Batting: RHB Cory Hester 0-0: Ball
1-0: Fielders Choice at 2nd, 5-4 (Groundball, 56)
Batting: RHB Edmund Swanson 0-0: Ball
1-0: Called Strike
1-1: Foul Ball, location: 2F
1-2: Foul Ball, location: 2F
1-2: Ball
2-2: Foul Ball, location: 2F
2-2: Foul Ball, location: 2F
2-2: Foul Ball, location: 2F
2-2: Ball
3-2: Base on Balls
Cory Hester to second
Batting: LHB Millard Adams 0-0: Foul Ball, location: 2F
0-1: Ball
1-1: Ball
2-1: Ball
3-1: Called Strike
3-2: Foul Ball, location: 2F
3-2: Base on Balls
Cory Hester to third
Edmund Swanson to second
Batting: RHB Roger Rush 0-0: Ball
1-0: Ball
2-0: Called Strike
2-1: Ground out 5-3 (Groundball, 5S)
Cory Hester scores
Edmund Swanson to third
Millard Adams to second
Batting: RHB Carlos García 0-0: Called Strike
0-1: Foul Ball, location: 2F
0-2: SINGLE (Groundball, 6MD)
Edmund Swanson scores
Millard Adams to third
Runner from 3rd tries for Home, SAFE, throw made home
Carlos García to second
Pitching: RHP Bob Spalton
Batting: SHB Leonardo González 0-0: Ground out 1-3 (Groundball, 23)
Bottom of the 7th over - 3 run(s), 2 hit(s), 0 error(s), 1 left on base; Utah 4 - Arizona State 11
TOP OF THE 8TH
Utah Utes batting - Pitching for Arizona State Sun Devils : RHP Ismael Mateo
Batting: RHB Brandon Owen 0-0: Ball
1-0: Ball
2-0: Called Strike
2-1: Fly out, F9 (Flyball, 9M)
Batting: SHB Ramón Velázquez 0-0: Hit by Pitch
Batting: RHB Larry Storms 0-0: Foul Ball, location: 2F
0-1: Ball
1-1: Ball
2-1: Foul Ball, location: 2F
2-2: Ball
3-2: Base on Balls
Ramón Velázquez to second
Batting: SHB Glenn Hinton 0-0: Fly out, F8 (Flyball, 8LM)
Batting: SHB Brandon Manning 0-0: Ball
1-0: Foul Ball, location: 2F
1-1: Ball
2-1: Called Strike
2-2: Strikes out swinging
Top of the 8th over - 0 run(s), 0 hit(s), 0 error(s), 2 left on base; Utah 4 - Arizona State 11
BOTTOM OF THE 8TH
Arizona State Sun Devils batting - Pitching for Utah Utes : RHP Bob Spalton
Batting: RHB Vernon Harris 0-0: Ball
1-0: Called Strike
1-1: Swinging Strike
1-2: Ball
2-2: Ball
3-2: Strikes out looking
Batting: RHB Matt Tucker 0-0: Ball
1-0: Ball
2-0: Ball
3-0: Base on Balls
Batting: RHB Joaquín Valenzuela 0-0: Ball
1-0: Ball
Matt Tucker is caught stealing 2nd base
2-0: Fly out, F9 (Line Drive, 9M)
Bottom of the 8th over - 0 run(s), 0 hit(s), 0 error(s), 0 left on base; Utah 4 - Arizona State 11
TOP OF THE 9TH
Utah Utes batting - Pitching for Arizona State Sun Devils : RHP Ismael Mateo
Batting: RHB Patrick Chute 0-0: Ball
1-0: Foul Ball, location: 2F
1-1: Ball
2-1: Called Strike
2-2: Ball
3-2: Base on Balls
Batting: RHB David Banks 0-0: Called Strike
0-1: Swinging Strike
0-2: Foul Ball, location: 2F
0-2: Ball
1-2: Strikes out swinging
Batting: RHB Bill Bourland 0-0: Called Strike
0-1: Fly out, F8 (Flyball, 8LM)
Batting: RHB Bennie McGrath 0-0: Called Strike
0-1: Ball
1-1: Swinging Strike
1-2: Strikes out swinging
Top of the 9th over - 0 run(s), 0 hit(s), 0 error(s), 1 left on base; Utah 4 - Arizona State 11
Monday, December 5th, 2016 - OOTP Baseball 17.12 Build 75